Map: King's Cove LE

Players

lIlIlIlIIlIl (Dear) - Winner!

  • Race: Protoss Protoss
  • League: Master
  • Spawn Location: 11:00

OGZest (Zest)

  • Race: Protoss Protoss
  • Spawn Location: 5:00

Event: 2019 Assembly Summer

VOD

Have the link to the VOD?

Description

Time

  • Played on: Aug. 3, 2019, 5:11 a.m.
  • Length: 11:41

All games in this series

Show
View Real Time Build Order
Export as new Build Order

lIlIlIlIIlIl Protoss - Winner!

Build Orders: Phoenix Opening 

Get SALT Encoding   

  12  0:00  Probe  
  13  0:12  Probe  
  14  0:18  Pylon  
  14  0:24  Probe  
  15  0:32  Probe  
  15  0:38  Gateway  
  15  0:40  Probe  
  16  0:46  Assimilator  
  17  0:51  Probe  
  17  0:55  Assimilator  
  18  0:59  Probe  
  19  1:07  Probe  
  19  1:08  Gateway  
  19  1:17  Probe  
  21  1:27  Cybernetics Core  
  21  1:30  Probe  
  22  1:37  Pylon  
  22  1:42  Probe  
  23  2:03  Stargate, Warp Gate  
  23  2:09  Stalker  
  23  2:11  Probe  
  26  2:17  Stalker  
  28  2:24  Pylon  
  28  2:38  Phoenix  
  30  2:56  Shield Battery  
  30  2:58  Phoenix  
  32  3:16  Phoenix  
  31  3:25  Nexus  
  33  3:27  Probe  
  34  3:39  Probe  
  35  3:41  Phoenix  
  35  3:45  Pylon  
  37  3:51  Probe  
  38  3:58  Robotics Facility  
  38  4:03  Probe  
  39  4:12  Stalker  
  39  4:13  Stalker  
  39  4:16  Probe  
  44  4:27  Probe  
  45  4:33  Probe  
  45  4:35  Probe  
  46  4:39  Sentry  
  46  4:41  Probe  
  46  4:44  Probe  
  46  4:45  Sentry  
  51  4:48  Warp Prism  
  51  4:51  Probe  
  55  4:55  Probe  
  57  5:03  Pylon  
  57  5:05  Stalker  
  59  5:11  Stalker  
  58  5:17  Probe  
  58  5:18  Probe  
  60  5:31  Probe x2  
  60  5:32  Pylon  
  58  5:44  Probe  
  58  5:45  Probe  
  58  5:47  Stalker x2  
  58  5:48  Observer  
  62  5:57  Probe x2  
  65  5:59  Pylon  
  62  6:07  Assimilator  
  62  6:09  Probe x2, Assimilator  
  62  6:10  Adept x2  
  68  6:19  Immortal  
  68  6:22  Probe x2  
  74  6:28  Pylon  
  72  6:34  Probe  
  72  6:39  Probe  
  74  6:46  Probe  
  75  6:48  Immortal  
  75  6:51  Probe  
  76  6:58  Probe  
  76  6:59  Twilight Council  
  79  7:03  Probe  
  78  7:11  Forge  
  78  7:14  Sentry  
  78  7:15  Stalker  
  82  7:22  Gateway  
  82  7:24  Gateway, Immortal  
  84  7:39  Protoss Ground Weapons Level 1  
  84  7:40  Charge  
  84  7:41  Dark Shrine  
  84  7:43  Pylon  
  84  7:50  Nexus  
  84  7:57  Immortal  
  88  8:09  Zealot x2  
  88  8:12  Probe x2  
  91  8:22  Pylon  
  91  8:27  Gateway  
  91  8:28  Gateway  
  91  8:35  Probe x2  
  91  8:36  Observer  
  94  8:44  Templar Archives  
  94  8:54  Dark Templar x2  
  94  8:55  Dark Templar  
  100  8:58  Probe x2  
  100  9:02  Dark Templar  
  104  9:07  Probe  
  105  9:10  Probe  
  105  9:14  Observer  
  106  9:19  Gateway x2  
  106  9:39  Zealot x3  
  106  9:40  Zealot x2  
  106  9:43  Pylon  
  106  9:45  Pylon  
  116  9:46  Pylon  
  116  9:48  Archon  
  116  9:50  Pylon  
  112  10:02  High Templar x2, Zealot x2  
  112  10:03  Zealot x2  
  112  10:06  Archon  
  124  10:07  Assimilator  
  124  10:09  Assimilator  
  124  10:10  Probe x3  
  126  10:16  Dark Templar x2  
  126  10:20  Archon  
  130  10:38  Dark Templar x2  
  130  10:39  Zealot x4  
  116  11:00  Zealot x6  
  98  11:14  Dark Templar x2  
  96  11:26  Nexus  
  96  11:27  Zealot  
  96  11:28  Zealot x5  
Show
View Real Time Build Order
Export as new Build Order

OGZest Protoss 

Build Orders: Oracle Opening, Blink Stalkers 

Get SALT Encoding   

  12  0:00  Probe  
  13  0:12  Probe  
  14  0:18  Pylon  
  14  0:24  Probe  
  15  0:32  Probe  
  15  0:38  Gateway  
  15  0:40  Probe  
  16  0:46  Assimilator  
  17  0:51  Probe  
  17  0:55  Assimilator  
  18  1:00  Probe  
  19  1:08  Probe  
  19  1:09  Gateway  
  19  1:17  Probe  
  21  1:25  Cybernetics Core  
  21  1:29  Probe  
  22  1:35  Pylon  
  22  1:41  Probe  
  23  1:53  Probe  
  24  2:02  Stargate  
  24  2:06  Warp Gate  
  28  2:19  Stalker  
  28  2:20  Stalker  
  28  2:22  Pylon  
  28  2:38  Oracle  
  31  2:57  Nexus  
  31  3:06  Pylon  
  31  3:11  Probe  
  31  3:17  Twilight Council  
  31  3:23  Probe  
  32  3:32  Pylon  
  32  3:35  Probe  
  33  3:43  Blink  
  33  3:48  Probe  
  34  3:56  Sentry  
  34  4:00  Probe  
  37  4:03  Stalker  
  37  4:05  Pylon  
  37  4:08  Probe  
  40  4:10  Probe  
  41  4:17  Probe  
  41  4:18  Probe  
  43  4:25  Probe  
  43  4:26  Probe  
  40  4:32  Stalker  
  40  4:35  Stalker  
  40  4:37  Probe  
  44  4:40  Probe  
  45  4:49  Probe  
  45  4:52  Probe  
  46  5:01  Probe  
  46  5:02  Stalker x2  
  46  5:04  Probe  
  52  5:13  Probe  
  53  5:16  Probe  
  53  5:18  Gateway  
  53  5:19  Forge  
  54  5:25  Probe  
  55  5:28  Probe  
  50  5:37  Stalker x2  
  50  5:39  Shield Battery  
  50  5:41  Gateway  
  50  5:49  Shield Battery  
  44  5:50  Shield Battery  
  44  5:56  Probe x2  
  43  6:05  Stalker x2  
  43  6:10  Probe x2  
  49  6:13  Stalker  
  51  6:29  Nexus  
  51  6:35  Stalker x2  
  51  6:36  Stalker x2  
  59  6:42  Assimilator  
  59  6:43  Assimilator  
  59  6:46  Probe x2  
  58  6:59  Forge  
  58  7:00  Probe x2  
  59  7:11  Probe x2  
  61  7:19  Probe, Pylon  
  61  7:26  Protoss Ground Weapons Level 1  
  62  7:31  Probe  
  62  7:32  Probe  
  62  7:36  Charge  
  61  7:39  Probe  
  61  7:43  Probe  
  63  7:44  Probe  
  63  7:47  Probe  
  62  7:55  Probe  
  62  7:56  Probe  
  62  7:57  Probe  
  63  7:59  Templar Archives  
  63  8:03  Gateway  
  63  8:04  Gateway  
  63  8:07  Probe  
  63  8:08  Probe x2  
  66  8:16  Probe  
  66  8:19  Probe  
  67  8:22  Gateway x2  
  67  8:24  Gateway, Probe x2  
  67  8:25  Gateway  
  69  8:31  Zealot, Sentry  
  69  8:32  Zealot x2  
  78  8:37  Robotics Facility  
  76  8:42  Probe  
  76  8:44  Assimilator  
  76  8:46  Assimilator  
  75  8:50  Probe  
  76  8:57  High Templar x4  
  84  9:07  Archon x2  
  84  9:12  Gateway  
  84  9:18  Pylon  
  84  9:19  Pylon  
  84  9:21  Observer  
  81  9:46  Pylon  
  81  9:51  Observer  
  81  9:55  Pylon  
  80  10:00  Probe  
  80  10:01  Pylon  
  80  10:03  Photon Cannon  
  81  10:10  High Templar x2  
  81  10:11  Zealot x4  
  81  10:13  Probe x2  
  95  10:14  Photon Cannon, Pylon  
  95  10:18  Archon  
  95  10:22  Probe  
  96  10:33  Zealot  
  96  10:34  Zealot x7  
  112  10:48  Zealot  
  112  10:49  Zealot  
  106  10:54  Zealot x3  
  106  10:55  Zealot x2  
  106  10:56  Zealot  
  106  10:57  Zealot x2  
  83  11:09  Zealot x2  
  77  11:15  Zealot x5  
  68  11:22  High Templar x2  
  68  11:23  High Templar  
  65  11:26  Archon  
  65  11:29  High Templar  
Tags
 
Add a new tag
Caveats
  • Supply blocks, unpowered buildings, or Contaminate may cause inaccurate times.
  • Supply counts are checked every 10 seconds.